 Dungeon Crawl Stone Soup version 0.18-a0-1481-g708b138 (webtiles) character file.

33772 glosham the Hand of Fortune (level 13, 0/63 HPs)
             Began as a Spriggan Monk on Mar 1, 2016.
             Was the Champion of Nemelex Xobeh.
             Succumbed to a death drake's dark miasma
             ... on level 2 of the Orcish Mines on Mar 2, 2016.
             The game lasted 05:38:46 (13475 turns).

glosham the Hand of Fortune (Spriggan Monk)        Turns: 13475, Time: 05:38:47

Health: 0/63       AC: 11    Str: 11    XL:     13   Next: 38%
Magic:  2/27       EV: 37    Int: 11    God:    Nemelex Xobeh [******]
Gold:   1226       SH:  0    Dex: 24    Spells: 0 memorised, 12 levels left

rFire  . . .     SeeInvis +     a - +7 quarterstaff (chaos)
rCold  . . .     Gourm    .     X - +2 troll leather armour
rNeg   . . .     Faith    .     (shield currently unavailable)
rPois  .         Spirit   +     W - +2 hat
rElec  .         Dismiss  .     Y - +2 cloak
rCorr  .         Reflect  .     (gloves unavailable)
SustAt .         Harm     .     (boots unavailable)
MR     +++..                    z - amulet of guardian spirit
Stlth  +++.......               B - ring of protection from magic
                                A - +4 ring of dexterity

@: lethally poisoned (0 -> -87), slowed, quick, extremely resistant to hostile
enchantments, fairly stealthy
A: unfitting armour, see invisible, herbivore 3, speed 3, slow metabolism 2
a: Triple Draw, Deal Four, Stack Five, Renounce Religion


You were on level 2 of the Orcish Mines.
You worshipped Nemelex Xobeh.
Nemelex Xobeh was exalted by your worship.
You were full.

You visited 4 branches of the dungeon, and saw 18 of its levels.
You also visited: Ossuary.

You collected 1652 gold pieces.
You spent 426 gold pieces at shops.

Inventory:

Hand Weapons
 a - a +7 quarterstaff of chaos (weapon)
 b - the +6 rapier of the Doomed Warrior {antimagic, Int+2}
   (You found it on level 7 of the Dungeon)

   It disrupts the flow of magical energy around spellcasters and certain
   magical creatures (including the wielder).
   It affects your intelligence (+2).
 c - a +0 blowgun
Missiles
 d - 62 poisoned needles
 e - 6 curare-tipped needles
Armour
 W - a +2 hat (worn)
 X - a +2 troll leather armour (worn)
 Y - a +2 cloak (worn)
Rods
 w - a +2 rod of shadows (11/11) {!a}
   (You acquired it on level 1 of the Lair of Beasts)
Jewellery
 z - an amulet of guardian spirit (around neck)
 A - a +4 ring of dexterity (left hand)
 B - a ring of protection from magic (right hand)
 C - an uncursed ring of protection from cold
 D - an uncursed ring of protection from cold
 F - an uncursed ring of flight
 R - an uncursed ring of resist corrosion
Wands
 g - a wand of digging (2/24)
 h - a wand of slowing (7/48)
 i - a wand of acid (6/15)
Scrolls
 k - 2 scrolls of teleportation
 l - a scroll of blinking
 m - a scroll of fog
 o - 2 scrolls of remove curse
 q - a scroll of recharging
Potions
 n - a potion of lignification
 p - 3 potions of ambrosia
 s - 2 potions of curing
 t - a potion of resistance
 u - 4 potions of haste
 v - 3 potions of invisibility
 x - 3 potions of agility
 y - 2 potions of might
 E - 2 potions of cancellation
Miscellaneous
 j - a legendary deck of escape {the Banshee, left: 5}
 G - a plain deck of summoning {drawn: 7}
 H - an ornate deck of war
 J - an ornate deck of destruction {drawn: 1}
 K - a plain deck of destruction
 L - a plain deck of destruction
 M - a plain deck of destruction {drawn: 5}
 O - a legendary deck of war
Comestibles
 f - 11 bread rations


   Skills:
 - Level 5.0 Fighting
 - Level 4.6 Staves
 - Level 3.0 Armour
 - Level 18.1 Dodging
 - Level 3.0 Stealth
 - Level 3.2 Unarmed Combat
 * Level 19.5 Evocations


You had 12 spell levels left.
You didn't know any spells.

Dungeon Overview and Level Annotations

Branches:
Dungeon (12/15)            Temple (1/1) D:6            Lair (3/8) D:8
    Orc (2/2) D:10            Elf (0/3) Orc:2
  Swamp: Lair:3-6    Shoals: Lair:3-6     Snake: Lair:3-6    Spider: Lair:3-6

Altars:
Cheibriados
Dithmenos
Makhleb
Nemelex Xobeh
Okawaru
Pakellas
Ru
Sif Muna
Trog
Vehumet
Xom
Yredelemnul
Zin
The Shining One
Beogh

Shops:
D:7 (   Orc:1 ?


Innate Abilities, Weirdness & Mutations

You are tiny and cannot use many weapons and most armour.
You have supernaturally acute eyesight.
You are an herbivore.
You cover ground extremely quickly.
You need consume almost no food.


Message History

Press: ? - help, Shift-Dir - straight line, f/p - death drake
Aim: a death drake (foul pestilence, lightly wounded, catching its breath, misshapen and mutated)
The bolt of acid misses the death drake.
Evoking this partially-identified wand wasted a few charges.
You are engulfed in dark miasma.
You are more poisoned.
You feel your flesh rotting away!
* * * LOW HITPOINT WARNING * * *
You feel less vulnerable to poison.
* * * LOW HITPOINT WARNING * * *
You feel extremely sick. The death drake completely misses you.
The death drake bites you but does no damage.
Drink which item? (? for menu, Esc to quit)
You feel much better.
You feel extremely sick. The death drake closely misses you.
The death drake completely misses you.
You feel very sick. The death drake breathes miasma at you.
The foul vapour misses you.
Evoke which item? (* to show all) (? for menu, Esc to quit)
You draw a card...
It is the Orb.
You have drawn the Orb.
Press: ? - help, Shift-Dir - straight line, f/p - death drake
Aim: a death drake (lightly wounded, catching its breath, misshapen and mutated)
You are engulfed in dark miasma.
You are more poisoned.
You feel your flesh rotting away!
* * * LOW HITPOINT WARNING * * *
* * * LOW HITPOINT WARNING * * *
You feel extremely sick.
The wavering orb of destruction hits the death drake.
The death drake is severely wounded.
The death drake breathes miasma at you. The foul vapour misses you.
Drink which item? (? for menu, Esc to quit)
You feel much better.
You are engulfed in dark miasma.
You are more poisoned.
You feel as though you will be slow longer.
* * * LOW HITPOINT WARNING * * *
You die...
Your body glows slightly and disappears.

..## ##.##)...##
#..4....##.## .## #..())..##
##.#...##### ## ##.(#####
####..## ##.(.# #...#
##(((.# ##.## ##.(.(## #...#
######..(################.##
.........(.(...§§§§.....###
..........(....§@§§......##
..##...###.(.##§k##..##...#
.....≈≈# #≈≈..)§......##..#
....≈≈≈# #≈≈≈.(........#..#
..≈≈≈≈## ##≈≈≈≈...........#
≈≈≈≈### ###≈≈≈≈....(.#..#
≈≈≈#### ####≈≈≈≈.....#..#
....... ...............#
....... ...............#


You could see a death drake.

Vanquished Creatures
  2 centaur warriors (Orc:2)
  An unseen horror (D:10)
  An orc knight (Orc:2)
  3 hill giants
  An orb spider (D:8)
  2 manticores
  An orc sorcerer (Orc:1)
  A deep elf mage (D:12)
  A cyclops (D:11)
  A black mamba (Lair:1)
  Psyche (D:8)
  A spiny frog (Lair:1)
  2 centaur skeletons
  A kobold demonologist (D:11)
  A komodo dragon (Lair:3)
  A yaktaur (D:11)
  A merfolk (D:10)
  2 queen bees (Lair:2)
  2 trolls
  Prince Ribbit (D:8)
  A slime creature (shapeshifter) (D:11)
  4 blink frogs (Lair:3)
  3 slime creatures (D:12)
  2 wraiths (Ossuary)
  28 yaks
  A basilisk (Lair:1)
  A golden eye (shapeshifter) (D:11)
  A human (D:10)
  6 hippogriffs
  A steam dragon (Orc:1)
  Menkaure (D:7)
  A naga (D:8)
  8 wolves
  6 porcupines
  2 water moccasins
  Duvessa (D:7)
  2 sky beasts
  A wasp (D:10)
  2 ice beasts
  A black bear (D:10)
  39 orc warriors
  A sky beast (shapeshifter) (D:11)
  2 phantoms
  An eye of draining (D:11)
  6 ogres
  11 centaurs
  A crocodile (D:8)
  2 big kobolds
  The ghost of glosham the Ducker, an amateur SpMo (D:4)
  6 giant frogs
  Dowan (D:7)
  A gnoll sergeant (D:12)
  A wyvern skeleton (D:7)
  2 scorpions
  6 killer bees
  4 howler monkeys
  8 wights
  An electric eel (Lair:3)
  4 crimson imps
  2 jellies
  2 wasp zombies
  9 hounds
  16 orc priests
  Crazy Yiuf (D:3)
  2 giant frog skeletons
  6 worker ants
  5 iguanas
  14 orc wizards
  A killer bee zombie (D:11)
  8 sheep (Lair:3)
  A hound zombie (D:8)
  A worker ant zombie (D:10)
  7 gnolls
  33 river rats
  7 adders
  5 shadow imps
  2 adder skeletons
  2 adder zombies
  A worm (shapeshifter) (Orc:1)
  3 worms (D:2)
  A dart slug (D:1)
  4 giant geckos
  115 orcs
  7 bats
  3 giant cockroaches
  5 goblins
  5 hobgoblins
  7 jackals (D:2)
  14 kobolds
  6 quokkas
  A ball python (D:3)
  A ball python skeleton (Ossuary)
  A giant gecko zombie (D:6)
  2 giant newts
  3 hobgoblin skeletons (Ossuary)
  A hobgoblin zombie (Ossuary)
  A kobold zombie (Ossuary)
  An orc skeleton (Ossuary)
  2 orc zombies (Ossuary)
  A quokka skeleton (D:4)
  3 rats
510 creatures vanquished.

Vanquished Creatures (collateral kills)
  Gastronok (D:8)
  Maud (D:12)
  A stone giant (Orc:2)
  An ugly thing (D:12)
  A troll (D:12)
  A two-headed ogre (D:8)
  A hippogriff (D:11)
  A hungry ghost (D:11)
  A warg (Orc:2)
  A porcupine (D:8)
  An ice beast (D:8)
  An orc warrior (Orc:2)
  2 phantoms
  A necrophage (D:8)
  An ogre (D:4)
  3 crocodiles (D:8)
  A scorpion (D:11)
  6 killer bees
  4 wights (D:8)
  A howler monkey (D:7)
  A jelly (D:11)
  A quasit (D:8)
  An orc wizard (Orc:2)
  3 worker ants
  A gnoll (D:12)
  A shadow imp (D:11)
  A worm (D:4)
  4 orcs
44 creatures vanquished.

Vanquished Creatures (others)
  An ugly thing (D:11)
  A two-headed ogre (Orc:2)
  An orc warrior (Orc:2)
  A necrophage (D:10)
  An orc wizard (Orc:2)
  3 bushes (D:8)
  6 fungi
  7 plants (D:8)
21 creatures vanquished.

Grand Total: 575 creatures vanquished

Notes
Turn   | Place    | Note
--------------------------------------------------------------
     0 | D:1      | glosham the Spriggan Monk began the quest for the Orb.
     0 | D:1      | Reached XP level 1. HP: 11/11 MP: 2/2
    99 | D:3      | Found a glowing silver altar of Zin.
   226 | D:3      | Noticed Crazy Yiuf
   259 | D:3      | Killed Crazy Yiuf
   259 | D:3      | Reached skill level 6 in Dodging
   259 | D:3      | Reached XP level 2. HP: 16/16 MP: 3/3
   259 | D:3      | Reached XP level 3. HP: 19/19 MP: 4/4
   373 | D:4      | Found a sparkling altar of Nemelex Xobeh.
   383 | D:4      | Became a worshipper of Nemelex Xobeh the Trickster
   383 | D:4      | Received a gift from Nemelex Xobeh
   383 | D:4      | Received a gift from Nemelex Xobeh
   383 | D:4      | Reached * piety under Nemelex Xobeh
   383 | D:4      | Received a gift from Nemelex Xobeh
   383 | D:4      | Reached ** piety under Nemelex Xobeh
   413 | D:4      | Reached skill level 2 in Evocations
   421 | D:4      | Received a gift from Nemelex Xobeh
   478 | D:4      | Noticed a phantom
   509 | D:4      | Noticed glosham's ghost (amateur SpMo)
   516 | D:4      | Killed glosham's ghost
   516 | D:4      | Reached skill level 4 in Evocations
   516 | D:4      | Reached XP level 4. HP: 21/23 MP: 6/8
   561 | D:3      | Reached XP level 5. HP: 27/27 MP: 9/9
   590 | D:3      | Found a sacrificial altar of Ru.
   592 | D:3      | Reached skill level 5 in Evocations
   664 | D:2      | Found a glowing golden altar of the Shining One.
   761 | D:2      | Received a gift from Nemelex Xobeh
   959 | D:1      | Reached *** piety under Nemelex Xobeh
   959 | D:1      | Received a gift from Nemelex Xobeh
  1381 | D:2      | Found a radiant altar of Vehumet.
  1481 | D:2      | Reached skill level 6 in Evocations
  2030 | D:3      | Found a shimmering altar of Xom.
  2097 | D:4      | Received a gift from Nemelex Xobeh
  2099 | D:4      | Reached **** piety under Nemelex Xobeh
  2212 | D:4      | Killed a phantom
  2212 | D:4      | Reached XP level 6. HP: 32/32 MP: 11/11
  2317 | D:4      | Reached skill level 7 in Dodging
  2317 | D:4      | Reached skill level 7 in Evocations
  2391 | D:5      | Entered Level 5 of the Dungeon
  2411 | D:5      | Found a shadowy altar of Dithmenos.
  2437 | D:5      | Found a deep blue altar of Sif Muna.
  2657 | D:5      | Reached skill level 8 in Dodging
  2657 | D:5      | Reached XP level 7. HP: 12/35 MP: 13/13
  2718 | D:4      | Found a burning altar of Makhleb.
  2837 | D:5      | Reached skill level 8 in Evocations
  3016 | D:6      | Reached skill level 9 in Dodging
  3038 | D:6      | Found a staircase to the Ecumenical Temple.
  3080 | Temple   | Entered the Ecumenical Temple
  3127 | D:6      | Reached skill level 9 in Evocations
  3221 | D:6      | Reached XP level 8. HP: 39/39 MP: 3/15
  3276 | D:5      | Found a snail-covered altar of Cheibriados.
  3474 | D:6      | Reached skill level 10 in Dodging
  3536 | D:7      | Noticed Menkaure
  3537 | D:7      | Killed Menkaure
  3537 | D:7      | Reached skill level 10 in Evocations
  3596 | D:7      | Received a gift from Nemelex Xobeh
  3616 | D:7      | Found Zocelepsairi's Weapon Shoppe.
  3749 | D:7      | Got a crystal rapier
  3750 | D:7      | Identified the +6 rapier of the Doomed Warrior {antimagic, Int+2} (You found it on level 7 of the Dungeon)
  3957 | D:7      | Noticed Dowan
  3959 | D:7      | Noticed Duvessa
  3967 | D:7      | Killed Duvessa
  3967 | D:7      | Reached skill level 11 in Dodging
  3975 | D:7      | Killed Dowan
  4141 | D:7      | Found a bloodstained altar of Trog.
  4142 | D:7      | Received a gift from Nemelex Xobeh
  4387 | D:8      | Reached skill level 11 in Evocations
  4412 | D:8      | Found a basalt altar of Yredelemnul.
  4476 | D:8      | Reached XP level 9. HP: 23/43 MP: 13/18
  4515 | D:8      | Reached skill level 12 in Dodging
  4541 | D:8      | Noticed Prince Ribbit
  4555 | D:8      | Killed Prince Ribbit
  4555 | D:8      | Reached skill level 12 in Evocations
  4651 | D:8      | Noticed Psyche
  4665 | D:8      | Killed Psyche
  4665 | D:8      | Reached skill level 13 in Dodging
  4685 | D:8      | Noticed a white ugly thing
  4694 | D:8      | Noticed a manticore
  4701 | D:8      | Reached skill level 13 in Evocations
  4708 | D:8      | Killed a manticore
  4747 | D:8      | Noticed Gastronok
  4758 | D:8      | Killed Gastronok
  4758 | D:8      | Reached skill level 14 in Dodging
  4758 | D:8      | Reached skill level 14 in Evocations
  4758 | D:8      | Reached XP level 10. HP: 27/47 MP: 19/21
  4832 | D:8      | Found a sand-covered staircase.
  4837 | D:8      | Received a gift from Nemelex Xobeh
  4857 | Ossuary  | Entered an ossuary
  4900 | Ossuary  | Reached skill level 15 in Dodging
  5257 | D:8      | Reached skill level 15 in Evocations
  5279 | D:8      | Reached skill level 3 in Fighting
  5312 | D:8      | Reached XP level 11. HP: 44/52 MP: 23/23
  5355 | D:8      | Noticed an orb spider
  5355 | D:8      | a yak changed into an orb spider
  5365 | D:8      | Killed an orb spider
  5365 | D:8      | Reached skill level 4 in Fighting
  5365 | D:8      | Reached skill level 1 in Staves
  5388 | D:8      | Found a staircase to the Lair.
  5526 | D:8      | Reached ***** piety under Nemelex Xobeh
  5648 | D:8      | Identified a scroll of acquirement
  5662 | D:8      | Received a gift from Nemelex Xobeh
  5777 | D:9      | Found an oddly glowing altar of Pakellas.
  5806 | D:9      | Received a gift from Nemelex Xobeh
  5921 | D:9      | Received a gift from Nemelex Xobeh
  5923 | D:9      | Found an iron altar of Okawaru.
  6107 | D:9      | Reached skill level 2 in Staves
  6498 | D:10     | Entered Level 10 of the Dungeon
  6499 | D:10     | Received a gift from Nemelex Xobeh
  6534 | D:10     | Noticed a hill giant
  6553 | D:10     | Killed a hill giant
  6553 | D:10     | Reached skill level 3 in Staves
  6792 | D:10     | Upgraded the game from 0.18-a0-1468-gaf180a1 to 0.18-a0-1481-g708b138
  6954 | D:10     | Reached skill level 16 in Dodging
  7069 | D:10     | Found a roughly hewn altar of Beogh.
  7069 | D:10     | Found a staircase to the Orcish Mines.
  7132 | D:10     | Received a gift from Nemelex Xobeh
  7304 | D:10     | Noticed an unseen horror
  7318 | D:10     | Killed an unseen horror
  7890 | D:11     | Noticed a hill giant
  7897 | D:11     | Noticed a glowing shapeshifter
  7897 | D:11     | a hill giant changed into a glowing shapeshifter
  7898 | D:11     | a glowing shapeshifter changed into a hornet
  7964 | D:11     | Got a transparent robe
  7975 | D:11     | Identified the +2 robe of Too Many Cooks {Int+4} (You found it on level 11 of the Dungeon)
  7989 | D:11     | Noticed a white ugly thing
  8004 | D:11     | Banished a white ugly thing
  8004 | D:11     | Reached skill level 16 in Evocations
  8038 | D:11     | Reached skill level 17 in Dodging
  8348 | D:12     | Noticed Maud
  8370 | D:12     | Killed Maud
  8370 | D:12     | Reached XP level 12. HP: 58/58 MP: 25/25
  8424 | D:12     | Received a gift from Nemelex Xobeh
  8966 | D:12     | Reached skill level 18 in Dodging
  9087 | D:12     | Reached skill level 17 in Evocations
  9595 | D:12     | Reached skill level 5 in Fighting
  9708 | Orc:1    | Entered Level 1 of the Orcish Mines
  9765 | Orc:1    | Reached skill level 4 in Staves
  9886 | Orc:1    | Received a gift from Nemelex Xobeh
 10025 | Orc:1    | Reached skill level 1 in Armour
 10128 | Orc:1    | Found Jely's Magic Scroll Emporium.
 10145 | Orc:1    | Bought a scroll of remove curse for 45 gold pieces
 10145 | Orc:1    | Bought a scroll of enchant weapon for 112 gold pieces
 10145 | Orc:1    | Bought a scroll of immolation for 52 gold pieces
 10145 | Orc:1    | Bought a scroll of identify for 30 gold pieces
 10145 | Orc:1    | Bought a scroll of remove curse for 45 gold pieces
 10145 | Orc:1    | Bought a scroll of summoning for 142 gold pieces
 10369 | Lair:1   | Entered Level 1 of the Lair of Beasts
 10460 | Lair:1   | Received a gift from Nemelex Xobeh
 10493 | Lair:1   | Reached skill level 2 in Armour
 10733 | Lair:1   | Reached skill level 3 in Armour
 10763 | Lair:1   | Identified a +2 rod of shadows (11/11) (You acquired it on level 1 of the Lair of Beasts)
 10796 | Lair:1   | Received a gift from Nemelex Xobeh
 11026 | Lair:2   | Received a gift from Nemelex Xobeh
 11314 | Lair:2   | Received a gift from Nemelex Xobeh
 11625 | Lair:3   | Noticed a seven-headed hydra
 11627 | Lair:3   | Noticed an entropy weaver
 11627 | Lair:3   | a seven-headed hydra changed into an entropy weaver
 11631 | Lair:3   | an entropy weaver changed into a komodo dragon
 11732 | Lair:3   | Received a gift from Nemelex Xobeh
 11798 | Lair:3   | Reached skill level 18 in Evocations
 11799 | Lair:3   | Reached XP level 13. HP: 63/63 MP: 25/27
 11812 | Lair:3   | Reached ****** piety under Nemelex Xobeh
 12347 | Orc:2    | Entered Level 2 of the Orcish Mines
 12347 | Orc:2    | Found a staircase to the Elven Halls.
 12401 | Orc:2    | Received a gift from Nemelex Xobeh
 12668 | Orc:2    | Noticed a stone giant
 12683 | Orc:2    | Killed a stone giant
 13003 | Orc:2    | Reached skill level 19 in Evocations
 13468 | Orc:2    | HP: 5/63 [poisoned by a death drake (dark miasma)]
 13469 | Orc:2    | HP: 2/63 [poisoned by a death drake (dark miasma)]
 13474 | Orc:2    | HP: 1/62 [poisoned by a death drake (dark miasma)]
 13475 | Orc:2    | Succumbed to a death drake's dark miasma

Vault maps used:
D:1:      minmay_arrival_split_and_join
D:2:      old_standard_altar, vehumet_crystals
D:3:      nicolae_ru_great_annihilating_truth, overflow_temple_1_default,
          lemuel_round_altar, first_bread, uniq_crazy_yiuf_cottage
D:4:      makhleb_grotto_becter, nemelex_deck
D:5:      overflow_temple_1_default, nicolae_overflow_hidden_temple
D:6:      minmay_temple_entry_crystal_x
D:7:      lightli_temple_of_fire, serial_shops, shop, minmay_fountain_box,
          uniq_menkaure, uniq_duvessa
D:8:      minmay_curly_fans, lemuel_doored_altar, minmay_lair_entry_grove,
          nicolae_ossuary_entry_ruins, uniq_psyche, uniq_prince_ribbit1,
          uniq_gastronok
D:9:      kennysheep_mini_moat, grunt_pakellas_basics
D:10:     david_orc_5, special_room, hangedman_stone_soup
D:12:     uniq_maud
Temple:   minmay_temple_bridge_b_8
Lair:3:   serial_bayou_shore_a
Orc:1:    serial_shops, shop
Orc:2:    st_orc_rangers
Ossuary:  ossuary_due_cavern

Skill      XL: |  1  2  3  4  5  6  7  8  9 10 11 12 13 |
---------------+----------------------------------------+-----
Dodging        | 6 8 9 11 14 15 17 18 | 18.1
Evocations     | 4 6 7 9 11 14 15 16 18 19 | 19.5
Fighting       | 3 4 5 |  5.0
Staves         | 3 4 |  4.6
Armour         | 3 |  3.0
Stealth        | |  3.0
Unarmed Combat | |  3.2

Action                   |  1- 3 |  4- 6 |  7- 9 | 10-12 | 13-15 || total
-------------------------+-------+-------+-------+-------+-------++-------
Melee: Unarmed           |    12 |       |       |       |       ||    12
       Quarterstaff      |     9 |   110 |   160 |  1119 |   337 ||  1735
       Rapier            |       |       |     4 |       |       ||     4
 Fire: Blowgun           |     3 |    12 |   105 |    87 |     5 ||   212
Invok: Stack Five        |       |       |       |     2 |       ||     2
Evoke: Deck              |     1 |     7 |    23 |    46 |    14 ||    91
       Wand              |       |       |       |     9 |     1 ||    10
  Use: Scroll            |     6 |     8 |     3 |    23 |     2 ||    42
       Potion            |       |       |       |     1 |     5 ||     6
 Stab: Sleeping          |     2 |    13 |     4 |    17 |       ||    36
       Petrifying        |       |     2 |     1 |     3 |     4 ||    10
       Paralysed         |       |     1 |     1 |     5 |     3 ||    10
       Distracted        |       |     1 |       |     4 |     4 ||     9
       Petrified         |       |       |       |     2 |     4 ||     6
       Confused          |       |       |       |     4 |       ||     4
  Eat: Pizza             |       |       |     1 |     1 |       ||     2
       Fruit             |       |       |       |    11 |       ||    11
       Royal jelly       |       |       |       |     2 |       ||     2

Table legend:
 A = Turns spent in this place as a percentage of turns spent in the entire game.
 B = Non-inter-level travel turns spent in this place as a percentage of non-inter-level travel turns spent in the entire game.
 C = Inter-level travel turns spent in this place as a percentage of turns spent in this place.
 D = Turns resting spent in this place as a percentage of non-inter-level travel turns spent in this place.
 E = Turns spent auto-exploring this place as a percentage of non-inter-level travel turns spent in this place.
 F = Non-inter-level travel turns spent in this place divided by the number of levels of this place that you've seen.
                   A       B       C       D       E      F
               +-------+-------+-------+-------+-------+----------------------
         Total | 100.0 | 100.0 |   0.4 |   0.4 |   0.0 | 574.9
       Dungeon |  68.1 |  68.0 |   0.6 |   0.2 |   0.0 | 619.1
        Temple |   0.0 |   0.0 |   0.0 |   0.0 |   0.0 |   3.0
          Lair |  15.9 |  15.9 |   0.2 |   0.0 |   0.0 | 580.0
  Orcish Mines |  14.2 |  14.2 |   0.1 |   1.7 |   0.1 | 778.0
       Ossuary |   1.8 |   1.8 |   0.0 |   0.0 |   0.0 | 195.0
               +-------+-------+-------+-------+-------+----------------------

Table legend:
 A = Kills in this place as a percentage of kills in entire the game.
 B = Kills by you in this place as a percentage of kills by you in the entire game.
 C = Kills by friends in this place as a percentage of kills by friends in the entire game.
 D = Other kills in this place as a percentage of other kills in the entire game.
 E = Experience gained in this place as a percentage of experience gained in the entire game.
 F = Experience gained in this place divided by the number of levels of this place that you have seen.
                   A       B       C       D       E      F
               +-------+-------+-------+-------+-------+----------------------
         Total | 100.0 | 100.0 | 100.0 | 100.0 | 100.0 | 2539.3
       Dungeon |  63.6 |  62.2 |  84.1 |  25.0 |  58.1 | 2336.8
          Lair |  14.7 |  16.1 |   0.0 |   0.0 |  18.4 | 2965.0
  Orcish Mines |  19.2 |  19.0 |  15.9 |  75.0 |  22.3 | 5379.0
       Ossuary |   2.5 |   2.7 |   0.0 |   0.0 |   1.1 | 552.0
               +-------+-------+-------+-------+-------+----------------------

Vault maps used:
D:1:      minmay_arrival_split_and_join
D:2:      old_standard_altar, vehumet_crystals
D:3:      nicolae_ru_great_annihilating_truth, overflow_temple_1_default,
          lemuel_round_altar, first_bread, uniq_crazy_yiuf_cottage
D:4:      makhleb_grotto_becter, nemelex_deck
D:5:      overflow_temple_1_default, nicolae_overflow_hidden_temple
D:6:      minmay_temple_entry_crystal_x
D:7:      lightli_temple_of_fire, serial_shops, shop, minmay_fountain_box,
          uniq_menkaure, uniq_duvessa
D:8:      minmay_curly_fans, lemuel_doored_altar, minmay_lair_entry_grove,
          nicolae_ossuary_entry_ruins, uniq_psyche, uniq_prince_ribbit1,
          uniq_gastronok
D:9:      kennysheep_mini_moat, grunt_pakellas_basics
D:10:     david_orc_5, special_room, hangedman_stone_soup
D:12:     uniq_maud
Temple:   minmay_temple_bridge_b_8
Lair:3:   serial_bayou_shore_a
Orc:1:    serial_shops, shop
Orc:2:    st_orc_rangers
Ossuary:  ossuary_due_cavern
